Ben, chaotic male elven Wizard -- ---- --- ------ | .---..----.-- |....-- --- ---- -....u@.@.....| ---.....------.|---|.............u..------------- |..............|...|................|...|..|...|. ---.|.|.-------..|...-..--+--.........|...|..|...|. |...|.--| |..|...|..| |..-----..|...|..|-|--- |....--|...------|.)-----..| --- ...|..--|---|-..... --.. ---......||<........| .. --- |......|--........| |... |.....-- |.----...| -..{ |.| | ... |[| ..- |.- |.| |. ..| |. ..| |. ..| |. -.- |. . --- --- Ben the Thaumaturge Experience level: 8 Strength: 11 Dexterity: 13 Constitution: 16 Intelligence: 18 Wisdom: 9 Charisma: 9 Health: 0(67) Energy: 15(77) AC: 5 Gold: 354 Moves: 3364 Your Inventory: Coins $ - 354 gold pieces Amulets s - an uncursed amulet versus poison (being worn) Weapons a - a blessed +2 quarterstaff (weapon in hands) r - a [blessed +1] flail [of warning] Armor b - an uncursed +0 cloak of magic resistance (being worn) H - an uncursed rusty +0 orcish helm (being worn) Z - an uncursed +0 pair of iron shoes of clairvoyance (being worn) Scrolls i - an uncursed scroll of create monster T - an [uncursed] scroll labeled ABRA KA DABRA [of confuse monster] Spellbooks l - a blessed spellbook of force bolt m - an uncursed spellbook of sleep Potions g - an uncursed potion of object detection X - a [blessed] sparkling potion [of restore ability] Rings d - an uncursed +2 ring of protection (on left hand) M - an uncursed ring of cold resistance (on right hand) Wands c - an uncursed wand of light (0:12) Tools R - an [uncursed tallow] candle U - an [uncursed] looking glass [mirror] Gems t - 20 [uncursed] white gems [worthless glass] v - 20 [uncursed] red gems [worthless glass] x - 2 uncursed garnet stones z - 9 [uncursed] violet gems [worthless glass] A - 5 [uncursed] yellow gems [worthless glass] B - 4 [uncursed] orange gems [worthless glass] C - an uncursed opal D - an uncursed chrysoberyl stone E - an uncursed jasper stone V - an uncursed jet stone W - an [uncursed] white gem [diamond] Spells known in the end: Name Level Category Fail Memory a - force bolt 1 attack 4% [||||||||] b - sleep 1 enchantment 4% [|||||||.] Your skills at the end: Fighting Skills Weapon Skills quarterstaff [Basic / Expert] Spellcasting Skills attack spells [Basic / Expert] enchantment spells [Basic / Skilled] Final Attributes: You were piously aligned. Hunger level was 309. Your alignment was 26 / 26. Monster difficulty range was 1 - 7. Level difficulty was 6. You were immune to cold. You were immune to sleep. You were immune to poison. You were magic-protected. You saw invisible. You were clairvoyant. You had infravision. You could teleport. You were protected. Your luck was zero. You are dead. Vanquished creatures: a gnome mummy a human zombie a water nymph a rock piercer a pony a yellow light 4 gnome lords a gnomish wizard a gray ooze a wax golem 6 dwarves a homunculus a kobold lord 3 hill orcs 2 rothes a rabid rat a giant bat 4 orc zombies 2 dwarf zombies a werejackal 3 iguanas 3 killer bees 3 coyotes 3 hobbits 2 manes a hobgoblin a yellow mold a red mold 25 gnomes a gecko 6 jackals a fox 3 goblins a sewer rat 10 grid bugs 6 lichens a kobold zombie 8 newts 114 creatures vanquished. Voluntary challenges: You were an atheist. You used a wielded weapon 79 times. You read items or engraved 6 times. You put on armor 6 times. You never genocided any monsters. You never polymorphed an object. You never changed form. You used no wishes. You never wrote Elbereth's name. You encountered 1 bones level. You never used any Sokoban shortcuts. Dungeon overview: The Dungeons of Doom: levels 1 to 3 Level 1 a long staircase Level 2 portal to Advent Calendar Level 3 stairs to The Gnomish Mines The Gnomish Mines: levels 4 to 6 Level 4 stairs to The Dungeons of Doom Level 6 <- You were here a fountain Advent Calendar: Level 5 many trees portal to The Dungeons of Doom History has recorded: On T:1 you entered the Dungeons of Doom to retrieve the Amulet of Yendor! On T:348 you advanced to experience level 2. On T:493 you reached level 2 of The Dungeons of Doom. On T:660 you reached level 1 of Advent Calendar. On T:737 you advanced to experience level 3. On T:820 you advanced to experience level 4. On T:1080 you advanced to experience level 5. On T:1266 you advanced to experience level 6. On T:1582 you reached level 3 of The Dungeons of Doom. On T:1867 you advanced to experience level 7. On T:2415 you reached level 1 of The Gnomish Mines. On T:2892 you advanced to experience level 8. On T:2972 you reached level 2 of The Gnomish Mines. On T:3335 you reached level 3 of The Gnomish Mines. Latest messages: [HP+1=26] [HP+1=27] [HP+1=28] You hit the yellow mold. You hear someone cursing shoplifters. You stop for the watch captain. You kill the yellow mold! [HP+1=29] You see here a dagger. [HP+1=30] [HP+1=31] [HP+1=32] Your surroundings suddenly seem different. [HP+1=33] The horse kicks! The horse bites! The white unicorn butts! The white unicorn kicks! The horse kicks! The horse bites! The white unicorn butts! You die... Final status: Goodbye Ben the Wizard... You died in The Gnomish Mines on dungeon level 6 with 2773 points, and 354 pieces of gold, after 3364 moves. You were level 8 with a maximum of 67 hit points when you died.